Blue Jackets vs Canadiens
(R3)
Created - 4 mars 2015 at 19:17
Goals
|
| Blue Jackets |
0 |
1 |
2 |
0 |
1 |
3 |
| Canadiens |
1 |
2 |
0 |
0 |
2 |
4 |
|
Shots
|
| Blue Jackets |
11 |
13 |
4 |
2 |
4 |
30 |
| Canadiens |
19 |
9 |
7 |
1 |
4 |
36 |
|
1st period
1. Canadiens , Marek Svatos 28 (Mats Sundin) at 6:25
Penalties :
Rene Bourque (Mon) for Hooking (Minor) at 1:09, Chris Kelly (Clb) for Hooking (Minor) at 19:08
2nd period
2. Canadiens , Milan Michalek 24 (Dennis Wideman, Rene Bourque) at 0:26 (PP)
3. Blue Jackets , David Booth 37 (Wade Redden, Branislav Mezei) at 3:48 (PP)
4. Canadiens , Marek Svatos 29 (Mats Sundin, Brett Clark) at 4:32
Penalties :
Rene Bourque (Mon) for Elbowing (Minor) at 3:26, Rene Bourque (Mon) for Boarding (Minor) at 7:15, Branislav Mezei (Clb) for High sticking (Minor) at 14:15, Marc Savard (Clb) for Diving (Minor) at 17:36
3rd period
5. Blue Jackets , David Booth 38 (Patric Hornqvist, Branislav Mezei) at 0:16
6. Blue Jackets , David Booth 39 (Marc Savard) at 5:11 (PP)
Penalties :
Mikael Samuelsson (Mon) for Roughing (Minor) at 4:25, Dave Steckel (Clb) for Delaying the game (Minor) at 10:30, Sergei Samsonov (Mon) for Goalie Interference (Minor) at 18:52
Overtime #1
No Goal
Penalties :
Marcus Nilson (Clb) for Hooking (Minor) at 2:25
Shootout
Penalty Shot by Marc Savard for Blue Jackets - Goal!
Penalty Shot by Rene Bourque for Canadiens - Stopped by Rick DiPietro
Penalty Shot by David Booth for Blue Jackets - Stopped by Miika Kiprusoff
Penalty Shot by Marek Svatos for Canadiens - Goal!
Penalty Shot by Pavel Bure for Blue Jackets - Stopped by Miika Kiprusoff
Penalty Shot by Milan Michalek for Canadiens - Stopped by Rick DiPietro
Penalty Shot by Ramzi Abid for Blue Jackets - Shot Misses the Net
Penalty Shot by Sergei Samsonov for Canadiens - Goal!
Penalties :
No Penalty
Goalie Stats
Rick DiPietro (Clb), 33 saves from 36 shots - (0,917), OTL, 29-18-6, 65:00 minutes
Miika Kiprusoff (Mon), 27 saves from 30 shots - (0,900), W, 14-15-5, 65:00 minutes
Players Stats for Blue Jackets
Player Name G A P +/- PIM S H SB GA TA FO MP PP MP PK MP
------------------------------------------------------------------------------------
Adam Deadmarsh 0 0 0 -1 0 0 1 0 0 1 0/0 10:36 0:00 0:00
Brad Stuart 0 0 0 0 0 0 1 0 0 0 0/0 18:13 1:09 2:24
Branislav Mezei 0 2 2 0 2 5 2 1 0 0 0/0 31:07 3:46 4:42
Chris Kelly 0 0 0 0 2 1 2 0 0 0 7/14 16:59 2:28 0:52
Dave Steckel 0 0 0 0 2 0 3 0 0 0 2/4 7:54 0:00 0:27
David Booth 3 0 3 0 0 8 3 1 0 2 2/3 26:03 3:45 4:34
François Beauchemin 0 0 0 -1 0 2 2 0 0 0 0/0 22:53 2:27 3:39
Jan Bulis 0 0 0 -1 0 1 0 1 0 0 2/4 10:15 0:00 0:00
Jason Ward 0 0 0 0 0 1 2 0 0 0 0/0 7:34 0:00 0:00
Jeff Taffe 0 0 0 0 0 0 0 0 0 0 1/1 9:57 0:00 2:15
Kevin Bieksa 0 0 0 -1 0 2 0 1 0 0 0/0 22:49 2:27 4:18
Marc Savard 0 1 1 0 2 5 5 0 0 0 18/41 25:54 3:45 4:22
Marcus Nilson 0 0 0 -1 2 2 1 0 0 0 0/1 11:38 0:00 1:21
Mike Commodore 0 0 0 0 0 0 0 0 0 0 0/0 11:31 0:00 0:00
Patric Hornqvist 0 1 1 0 0 1 2 0 1 0 0/0 18:05 2:28 0:00
Pavel Bure 0 0 0 0 0 2 4 0 0 0 1/1 19:49 3:45 1:19
Ramzi Abid 0 0 0 0 0 0 2 0 2 0 0/0 18:15 2:28 1:19
Wade Redden 0 1 1 0 0 0 5 0 0 0 0/0 21:09 2:37 3:25
Players Stats for Canadiens
Player Name G A P +/- PIM S H SB GA TA FO MP PP MP PK MP
------------------------------------------------------------------------------------
Brett Clark 0 1 1 1 0 1 4 1 0 0 0/0 33:01 3:52 4:45
Brian Gionta 0 0 0 0 0 2 2 0 0 0 0/0 13:46 0:00 0:00
Brooks Laich 0 0 0 -1 0 3 3 1 0 0 10/24 19:59 4:09 1:30
Dennis Wideman 0 1 1 1 0 3 3 0 1 0 0/0 30:29 3:37 4:45
Dustin Boyd 0 0 0 0 0 2 0 0 0 0 2/4 7:41 0:00 0:00
Jamie Lundmark 0 0 0 0 0 2 2 0 0 0 5/8 11:28 0:00 0:00
Jiri Fischer 0 0 0 0 0 0 0 1 0 0 0/0 0:19 0:00 0:11
Josh Gorges 0 0 0 0 0 1 2 2 0 1 0/0 23:38 3:38 2:20
Ladislav Smid 0 0 0 0 0 2 5 3 0 0 0/0 23:34 3:23 0:00
Marek Svatos 2 0 2 2 0 5 1 0 0 0 0/1 24:36 3:06 4:09
Mats Sundin 0 2 2 2 0 0 0 0 0 0 10/14 17:07 3:06 0:00
Matt Carle 0 0 0 0 0 1 2 1 1 0 0/0 17:10 0:00 2:09
Mikael Samuelsson 0 0 0 0 2 0 2 1 0 0 3/6 10:22 0:00 2:47
Milan Michalek 1 0 1 -1 0 5 3 0 0 0 1/2 20:50 4:09 2:04
Rene Bourque 0 1 1 -1 6 8 6 0 1 2 5/10 27:03 4:09 2:12
Riley Cote 0 0 0 0 0 0 3 1 0 0 0/0 12:43 0:00 0:00
Sergei Samsonov 0 0 0 2 2 1 2 0 0 0 0/0 18:46 3:06 0:36
Yan Stastny 0 0 0 0 0 0 0 0 0 0 0/0 0:18 0:00 0:00
3 Stars
1 - David Booth (Clb)
2 - Marek Svatos (Mon)
3 - Mats Sundin (Mon)
Power Play
Blue Jackets - 2 on 5 Attempt(s) - 40,00%
Canadiens - 1 on 5 Attempt(s) - 20,00%
Penalty Kill
Blue Jackets - 4 on 5 Attempt(s) - 80,00%
- Score 0 goal in Penalty Kill
Canadiens - 3 on 5 Attempt(s) - 60,00%
- Score 0 goal in Penalty Kill
Team Stat
Blue Jackets - Hits : 35 - Faceoff Wins : 33 - Blocked Shots : 4 - Penalty Minutes : 10
Canadiens - Hits : 40 - Faceoff Wins : 36 - Blocked Shots : 11 - Penalty Minutes : 10
Official
Referees : Jackson Dave and Ciamaga Chris
Linesman : Darren Gibbs and David Brisebois
Game Notes
Jiri Fischer is injured at 1:20 of 1st period (Lacerated Left Calf)
Wade Redden is injured at 1:09 of 3rd period (Sprained Right Finger)
David Booth has scored a Hat Trick!
Finance
Level 1 -- Attendance: 4428 (73,80%) -- Ticket Income 394 092 $
Level 2 -- Attendance: 5000 (100,00%) -- Ticket Income 250 000 $
Level 3 -- Attendance: 1930 (96,50%) -- Ticket Income 59 830 $
Level 4 -- Attendance: 3556 (88,90%) -- Ticket Income 71 120 $
Luxury Box -- Attendance: 874 (87,40%) -- Ticket Income 144 210 $
Game was played at the Centre Bell'
Total Attendance: 15788 (87,71%)
Total Ticket Income: 919 252 $
Other Income: 137 888 $
Total Income: 1 057 140 $
Blue Jackets
5 vs 5 Forward
Center Left Wing Right Wing Time % Phy DF OF
1 Marc Savard David Booth Patric Hornqvist 40 1 2 2
2 Chris Kelly Ramzi Abid Pavel Bure 30 1 2 2
3 Jan Bulis Marcus Nilson Adam Deadmarsh 20 1 2 2
4 Dave Steckel Jeff Taffe Jason Ward 10 1 2 2
5 vs 5 Defense
Defense Defense Time % Phy DF OF
1 Branislav Mezei Wade Redden 40 1 2 2
2 Kevin Bieksa François Beauchemin 30 1 2 2
3 Brad Stuart Mike Commodore 20 1 2 2
4 Branislav Mezei Wade Redden 10 1 2 2
PowerPlay Forward
Center Left Wing Right Wing Time % Phy DF OF
1 Marc Savard David Booth Pavel Bure 60 1 2 2
2 Chris Kelly Ramzi Abid Patric Hornqvist 40 1 2 2
PowerPlay Defense
Defense Defense Time % Phy DF OF
1 Branislav Mezei Wade Redden 60 1 2 2
2 Kevin Bieksa François Beauchemin 40 1 2 2
Penalty Kill 4 Players Forward
Center Wing Time % Phy DF OF
1 Marc Savard David Booth 60 1 2 2
2 Pavel Bure Ramzi Abid 40 1 2 2
Penalty Kill 4 Players Defense
Defense Defense Time % Phy DF OF
1 Branislav Mezei Wade Redden 60 1 2 2
2 Kevin Bieksa François Beauchemin 40 1 2 2
Penalty Kill - 3 Players Forward
Forward Time % Phy DF OF
1 Marc Savard 60 1 2 2
2 David Booth 40 1 2 2
Penalty Kill - 3 Players Defense
Defense Defense Time % Phy DF OF
1 Branislav Mezei Wade Redden 60 1 2 2
2 Kevin Bieksa François Beauchemin 40 1 2 2
4 vs 4 Forward
Center Wing Time % Phy DF OF
1 Marc Savard David Booth 60 1 2 2
2 Pavel Bure Ramzi Abid 40 1 2 2
4 vs 4 Defense
Defense Defense Time % Phy DF OF
1 Branislav Mezei Wade Redden 60 1 2 2
2 Kevin Bieksa François Beauchemin 40 1 2 2
Last Minutes Offensive
Center Left Wing Right Wing Defense Defense
Marc Savard David Booth Pavel Bure Branislav Mezei Wade Redden
Last Minutes Defensive
Center Left Wing Right Wing Defense Defense
Marc Savard David Booth Pavel Bure Branislav Mezei Wade Redden
Goaltenders
Starting : Rick DiPietro
Backup : Mathieu Garon
Extra Forwards
Normal : Jan Bulis, Marcus Nilson, Jeff Taffe - PP : Jan Bulis, Marcus Nilson - PK : Jeff Taffe
Extra Defensemen
Normal : Brad Stuart, Branislav Mezei, Kevin Bieksa - PP : Brad Stuart - PK : Wade Redden, Kevin Bieksa
Penalty Shots
Marc Savard, David Booth, Pavel Bure, Ramzi Abid, Chris Kelly
Canadiens
5 vs 5 Forward
Center Left Wing Right Wing Time % Phy DF OF
1 Brooks Laich Milan Michalek Rene Bourque 40 1 2 2
2 Mats Sundin Sergei Samsonov Marek Svatos 30 1 2 2
3 Jamie Lundmark Riley Cote Brian Gionta 20 1 2 2
4 Dustin Boyd Rene Bourque Mikael Samuelsson 10 1 2 2
5 vs 5 Defense
Defense Defense Time % Phy DF OF
1 Dennis Wideman Brett Clark 40 1 2 2
2 Josh Gorges Jiri Fischer 30 1 2 2
3 Ladislav Smid Matt Carle 20 1 2 2
4 Dennis Wideman Brett Clark 10 1 2 2
PowerPlay Forward
Center Left Wing Right Wing Time % Phy DF OF
1 Brooks Laich Milan Michalek Rene Bourque 60 1 2 2
2 Mats Sundin Sergei Samsonov Marek Svatos 40 1 2 2
PowerPlay Defense
Defense Defense Time % Phy DF OF
1 Dennis Wideman Brett Clark 60 1 2 2
2 Josh Gorges Jiri Fischer 40 1 2 2
Penalty Kill 4 Players Forward
Center Wing Time % Phy DF OF
1 Rene Bourque Marek Svatos 60 1 2 2
2 Milan Michalek Sergei Samsonov 40 1 2 2
Penalty Kill 4 Players Defense
Defense Defense Time % Phy DF OF
1 Dennis Wideman Brett Clark 60 1 2 2
2 Josh Gorges Jiri Fischer 40 1 2 2
Penalty Kill - 3 Players Forward
Forward Time % Phy DF OF
1 Rene Bourque 60 1 2 2
2 Marek Svatos 40 1 2 2
Penalty Kill - 3 Players Defense
Defense Defense Time % Phy DF OF
1 Dennis Wideman Brett Clark 60 1 2 2
2 Josh Gorges Jiri Fischer 40 1 2 2
4 vs 4 Forward
Center Wing Time % Phy DF OF
1 Rene Bourque Marek Svatos 60 1 2 2
2 Milan Michalek Sergei Samsonov 40 1 2 2
4 vs 4 Defense
Defense Defense Time % Phy DF OF
1 Dennis Wideman Brett Clark 60 1 2 2
2 Josh Gorges Jiri Fischer 40 1 2 2
Last Minutes Offensive
Center Left Wing Right Wing Defense Defense
Brooks Laich Milan Michalek Rene Bourque Dennis Wideman Brett Clark
Last Minutes Defensive
Center Left Wing Right Wing Defense Defense
Brooks Laich Milan Michalek Rene Bourque Dennis Wideman Brett Clark
Goaltenders
Starting : Miika Kiprusoff
Backup : Jonas Hiller
Extra Forwards
Normal : Brian Gionta, Riley Cote, Mikael Samuelsson - PP : Brian Gionta, Riley Cote - PK : Mikael Samuelsson
Extra Defensemen
Normal : Ladislav Smid, Matt Carle, Josh Gorges - PP : Ladislav Smid - PK : Matt Carle, Josh Gorges
Penalty Shots
Rene Bourque, Marek Svatos, Milan Michalek, Sergei Samsonov, Brooks Laich
% Time on Ice - Blue Jackets
Lines # - Real PCT - Wanted PCT - Time Play
Normal Forward
1 - 35% - 40% - 16:06
2 - 31% - 30% - 14:39
3 - 19% - 20% - 8:38
4 - 15% - 10% - 7:09
Normal Defense
1 - 46% - 40% - 21:21
2 - 28% - 30% - 13:05
3 - 18% - 20% - 8:24
4 - 8% - 10% - 3:42
PP Forward
1 - 60% - 60% - 3:45
2 - 40% - 40% - 2:28
PP Defense
1 - 61% - 60% - 3:46
2 - 39% - 40% - 2:27
PK Forward
1 - 82% - 60% - 5:56
2 - 18% - 40% - 1:19
PK Defense
1 - 74% - 60% - 5:24
2 - 26% - 40% - 1:51
PK3 Forward
1 - 82% - 60% - 1:37
2 - 18% - 40% - 0:22
PK3 Defense
1 - 100% - 60% - 1:59
2 - 0% - 40% - 0:00
44 Forward
1 - 85% - 60% - 2:33
2 - 15% - 40% - 0:28
44 Defense
1 - 62% - 60% - 1:52
2 - 38% - 40% - 1:09
Last Minute Offensive - 0:00
Last Minute Defensive - 0:00
Total
Forward - 65:00
Defense - 65:00
|
% Time on Ice - Canadiens
Lines # - Real PCT - Wanted PCT - Time Play
Normal Forward
1 - 30% - 40% - 13:49
2 - 35% - 30% - 16:13
3 - 23% - 20% - 10:35
4 - 13% - 10% - 5:55
Normal Defense
1 - 36% - 40% - 16:54
2 - 40% - 30% - 18:26
3 - 22% - 20% - 10:17
4 - 2% - 10% - 0:55
PP Forward
1 - 57% - 60% - 4:09
2 - 43% - 40% - 3:06
PP Defense
1 - 50% - 60% - 3:37
2 - 50% - 40% - 3:38
PK Forward
1 - 84% - 60% - 5:15
2 - 16% - 40% - 0:58
PK Defense
1 - 64% - 60% - 3:59
2 - 36% - 40% - 2:14
PK3 Forward
1 - 100% - 60% - 0:52
2 - 0% - 40% - 0:00
PK3 Defense
1 - 88% - 60% - 0:46
2 - 12% - 40% - 0:06
44 Forward
1 - 79% - 60% - 3:15
2 - 21% - 40% - 0:53
44 Defense
1 - 50% - 60% - 2:03
2 - 50% - 40% - 2:05
Last Minute Offensive - 0:00
Last Minute Defensive - 0:00
Total
Forward - 65:00
Defense - 65:00
|
Play by Play
1st period
0:01 of 1st period - Marc Savard wins face-off versus Brooks Laich in neutral zone.
0:16 of 1st period - Wrist shot by Brooks Laich.
0:16 of 1st period - Shot Misses the Net.
0:26 of 1st period - Marek Svatos is hit by Wade Redden and loses puck.
0:58 of 1st period - Wrist shot by Brian Gionta.
0:58 of 1st period - Shot Misses the Net.
1:09 of 1st period - Minor Penalty to Rene Bourque for Hooking.
1:10 of 1st period - Marc Savard wins face-off versus Mikael Samuelsson in Canadiens zone.
1:20 of 1st period - Wrist shot by Pavel Bure.
1:20 of 1st period - Shot Blocked by Jiri Fischer.
1:20 of 1st period - Jiri Fischer from Canadiens is injured at 1:20 of 1st period (Lacerated Left Calf).
1:21 of 1st period - Mikael Samuelsson wins face-off versus Marc Savard in Canadiens zone.
1:53 of 1st period - Brett Clark is hit by François Beauchemin and loses puck.
2:28 of 1st period - François Beauchemin is hit by Matt Carle and loses puck.
3:09 of 1st period - Penalty to Rene Bourque is over, Rene Bourque is back on ice.
3:12 of 1st period - Marek Svatos is hit by Pavel Bure.
3:56 of 1st period - Slapshot by Jan Bulis.
3:56 of 1st period - Stopped by Miika Kiprusoff without a rebound.
3:57 of 1st period - Dave Steckel wins face-off versus Jamie Lundmark in Canadiens zone.
4:04 of 1st period - Snap shot by Jason Ward.
4:04 of 1st period - Stopped by Miika Kiprusoff without a rebound.
4:05 of 1st period - Jamie Lundmark wins face-off versus Dave Steckel in Canadiens zone.
4:05 of 1st period - Jamie Lundmark is hit by Dave Steckel.
4:17 of 1st period - Snap shot by Brian Gionta.
4:17 of 1st period - Deflect By Jamie Lundmark.
4:17 of 1st period - Shot Misses the Net.
4:17 of 1st period - Puck is out of play.
4:18 of 1st period - Dustin Boyd wins face-off versus Marc Savard in Blue Jackets zone.
4:33 of 1st period - Patric Hornqvist is hit by Rene Bourque and loses puck.
4:44 of 1st period - Patric Hornqvist is hit by Riley Cote and loses puck.
4:55 of 1st period - François Beauchemin is hit by Brett Clark and loses puck.
5:08 of 1st period - Snap shot by Patric Hornqvist.
5:08 of 1st period - Shot Misses the Net.
5:10 of 1st period - Slapshot by Kevin Bieksa.
5:10 of 1st period - Stopped by Miika Kiprusoff with a rebound.
5:12 of 1st period - Slapshot by François Beauchemin.
5:12 of 1st period - Stopped by Miika Kiprusoff with a rebound.
5:14 of 1st period - Slapshot by Marc Savard.
5:14 of 1st period - Stopped by Miika Kiprusoff without a rebound.
5:15 of 1st period - Mats Sundin wins face-off versus Chris Kelly in Canadiens zone.
5:22 of 1st period - Snap shot by Marek Svatos.
5:22 of 1st period - Stopped by Rick DiPietro with a rebound.
5:28 of 1st period - Sergei Samsonov is hit by Wade Redden and loses puck.
6:21 of 1st period - Wrist shot by Brian Gionta.
6:21 of 1st period - Stopped by Rick DiPietro with a rebound.
6:23 of 1st period - Slapshot by Josh Gorges.
6:23 of 1st period - Deflect By Chris Kelly.
6:23 of 1st period - Stopped by Rick DiPietro without a rebound.
6:24 of 1st period - Mats Sundin wins face-off versus Marc Savard in Blue Jackets zone.
6:25 of 1st period - Slapshot by Marek Svatos.
6:25 of 1st period - Goal by Marek Svatos - Blue Jackets : 0 - Canadiens : 1.
6:26 of 1st period - Milan Michalek wins face-off versus Marc Savard in neutral zone.
6:29 of 1st period - Slapshot by Rene Bourque.
6:29 of 1st period - Shot Misses the Net.
6:39 of 1st period - Slapshot by Marc Savard.
6:39 of 1st period - Shot Misses the Net.
6:41 of 1st period - Snap shot by David Booth.
6:41 of 1st period - Stopped by Miika Kiprusoff without a rebound.
6:42 of 1st period - Mats Sundin wins face-off versus Chris Kelly in Canadiens zone.
6:55 of 1st period - Snap shot by Pavel Bure.
6:55 of 1st period - Stopped by Miika Kiprusoff with a rebound.
7:32 of 1st period - Wrist shot by Marcus Nilson.
7:32 of 1st period - Stopped by Miika Kiprusoff with a rebound.
7:50 of 1st period - Slapshot by Jeff Taffe.
7:50 of 1st period - Shot Misses the Net.
7:52 of 1st period - Slapshot by Kevin Bieksa.
7:52 of 1st period - Shot Blocked by Josh Gorges.
7:54 of 1st period - Slapshot by François Beauchemin.
7:54 of 1st period - Shot Blocked by Ladislav Smid.
7:56 of 1st period - Slapshot by Branislav Mezei.
7:56 of 1st period - Stopped by Miika Kiprusoff without a rebound.
7:57 of 1st period - Chris Kelly wins face-off versus Rene Bourque in Canadiens zone.
8:49 of 1st period - David Booth is hit by Brett Clark and loses puck.
9:04 of 1st period - Kevin Bieksa is hit by Ladislav Smid and loses puck.
9:29 of 1st period - Riley Cote is hit by Wade Redden and loses puck.
9:36 of 1st period - Slapshot by Jan Bulis.
9:36 of 1st period - Shot Misses the Net.
9:38 of 1st period - Slapshot by Branislav Mezei.
9:38 of 1st period - Shot Blocked by Riley Cote.
10:00 of 1st period - Snap shot by Sergei Samsonov.
10:00 of 1st period - Stopped by Rick DiPietro with a rebound.
10:16 of 1st period - Snap shot by Brooks Laich.
10:16 of 1st period - Stopped by Rick DiPietro with a rebound.
10:18 of 1st period - Wrist shot by Rene Bourque.
10:18 of 1st period - Stopped by Rick DiPietro without a rebound.
10:19 of 1st period - Mats Sundin wins face-off versus Chris Kelly in Blue Jackets zone.
10:22 of 1st period - Wrist shot by Marek Svatos.
10:22 of 1st period - Stopped by Rick DiPietro with a rebound.
11:07 of 1st period - Snap shot by Brian Gionta.
11:07 of 1st period - Stopped by Rick DiPietro without a rebound.
11:08 of 1st period - Jamie Lundmark wins face-off versus Jan Bulis in Blue Jackets zone.
11:09 of 1st period - Snap shot by Brian Gionta.
11:09 of 1st period - Shot Misses the Net.
11:59 of 1st period - Snap shot by David Booth.
11:59 of 1st period - Stopped by Miika Kiprusoff with a rebound.
12:15 of 1st period - Wrist shot by Jeff Taffe.
12:15 of 1st period - Deflect By Dave Steckel.
12:15 of 1st period - Shot Blocked by Mikael Samuelsson.
12:15 of 1st period - Puck is out of play.
12:16 of 1st period - Dave Steckel wins face-off versus Dustin Boyd in Canadiens zone.
12:27 of 1st period - Wade Redden is hit by Matt Carle and loses puck.
13:05 of 1st period - Slapshot by Milan Michalek.
13:05 of 1st period - Stopped by Rick DiPietro without a rebound.
13:06 of 1st period - Brooks Laich wins face-off versus Chris Kelly in Blue Jackets zone.
13:07 of 1st period - Slapshot by Milan Michalek.
13:07 of 1st period - Stopped by Rick DiPietro without a rebound.
13:08 of 1st period - Brooks Laich wins face-off versus Marc Savard in Blue Jackets zone.
13:21 of 1st period - Slapshot by Patric Hornqvist.
13:21 of 1st period - Shot Blocked by Ladislav Smid.
13:38 of 1st period - Off-side.
13:39 of 1st period - Chris Kelly wins face-off versus Mats Sundin in neutral zone.
13:46 of 1st period - Ladislav Smid is hit by Ramzi Abid and loses puck.
14:22 of 1st period - Snap shot by Josh Gorges.
14:22 of 1st period - Shot Misses the Net.
14:24 of 1st period - Snap shot by Ladislav Smid.
14:24 of 1st period - Stopped by Rick DiPietro without a rebound.
14:25 of 1st period - Marc Savard wins face-off versus Brooks Laich in Blue Jackets zone.
14:30 of 1st period - David Booth is hit by Milan Michalek and loses puck.
14:37 of 1st period - Wrist shot by Rene Bourque.
14:37 of 1st period - Stopped by Rick DiPietro with a rebound.
14:39 of 1st period - Snap shot by Brooks Laich.
14:39 of 1st period - Deflect By David Booth.
14:39 of 1st period - Stopped by Rick DiPietro without a rebound.
14:40 of 1st period - Brooks Laich wins face-off versus Jan Bulis in Blue Jackets zone.
14:49 of 1st period - Wrist shot by Rene Bourque.
14:49 of 1st period - Stopped by Rick DiPietro with a rebound.
14:51 of 1st period - Snap shot by Brooks Laich.
14:51 of 1st period - Stopped by Rick DiPietro with a rebound.
14:53 of 1st period - Wrist shot by Rene Bourque.
14:53 of 1st period - Stopped by Rick DiPietro without a rebound.
14:54 of 1st period - Marc Savard wins face-off versus Brooks Laich in Blue Jackets zone.
14:54 of 1st period - Marc Savard is hit by Rene Bourque.
15:20 of 1st period - Mats Sundin is hit by Branislav Mezei.
15:44 of 1st period - Slapshot by Marcus Nilson.
15:44 of 1st period - Shot Misses the Net.
16:00 of 1st period - Wrist shot by Milan Michalek.
16:00 of 1st period - Shot Misses the Net.
16:20 of 1st period - Brad Stuart is hit by Josh Gorges and loses puck.
16:59 of 1st period - Dennis Wideman is hit by Jason Ward.
17:26 of 1st period - Mats Sundin is hit by Patric Hornqvist and loses puck.
17:49 of 1st period - Wrist shot by Ramzi Abid.
17:49 of 1st period - Deflect By Pavel Bure.
17:49 of 1st period - Stopped by Miika Kiprusoff without a rebound.
17:50 of 1st period - Chris Kelly wins face-off versus Dustin Boyd in Canadiens zone.
18:11 of 1st period - Ramzi Abid is hit by Rene Bourque and loses puck.
18:24 of 1st period - Snap shot by Mikael Samuelsson.
18:24 of 1st period - Shot Misses the Net.
18:28 of 1st period - Snap shot by Dustin Boyd.
18:28 of 1st period - Stopped by Rick DiPietro without a rebound.
18:29 of 1st period - Mats Sundin wins face-off versus Marc Savard in Blue Jackets zone.
19:02 of 1st period - Icing by Matt Carle.
19:03 of 1st period - Jamie Lundmark wins face-off versus Chris Kelly in Canadiens zone.
19:03 of 1st period - Jamie Lundmark is hit by Pavel Bure.
19:08 of 1st period - Minor Penalty to Chris Kelly for Hooking.
19:09 of 1st period - Brooks Laich wins face-off versus Marc Savard in Blue Jackets zone.
19:09 of 1st period - Wrist shot by Rene Bourque.
19:09 of 1st period - Stopped by Rick DiPietro with a rebound.
19:55 of 1st period - Marc Savard is hit by Milan Michalek and loses puck.
Goals for this period are 0 for Blue Jackets vs 1 for Canadiens.
Shots for this period are 11 for Blue Jackets vs 19 for Canadiens.
2nd period
0:01 of 2nd period - Marc Savard wins face-off versus Brooks Laich in neutral zone.
0:10 of 2nd period - Wrist shot by David Booth.
0:10 of 2nd period - Stopped by Miika Kiprusoff with a rebound.
0:12 of 2nd period - Wrist shot by Marc Savard.
0:12 of 2nd period - Stopped by Miika Kiprusoff without a rebound.
0:13 of 2nd period - Brooks Laich wins face-off versus Marc Savard in Canadiens zone.
0:18 of 2nd period - Slapshot by Brett Clark.
0:18 of 2nd period - Deflect By Wade Redden.
0:18 of 2nd period - Stopped by Rick DiPietro with a rebound.
0:20 of 2nd period - Snap shot by Rene Bourque.
0:20 of 2nd period - Shot Misses the Net.
0:22 of 2nd period - Wrist shot by Rene Bourque.
0:22 of 2nd period - Stopped by Rick DiPietro with a rebound.
0:24 of 2nd period - Snap shot by Milan Michalek.
0:24 of 2nd period - Shot Misses the Net.
0:26 of 2nd period - Slapshot by Dennis Wideman.
0:26 of 2nd period - Deflect By Milan Michalek.
0:26 of 2nd period - Goal by Milan Michalek - Blue Jackets : 0 - Canadiens : 2.
0:27 of 2nd period - Brooks Laich wins face-off versus Marc Savard in neutral zone.
0:29 of 2nd period - Brett Clark is hit by Wade Redden and loses puck.
0:40 of 2nd period - Brett Clark is hit by Marc Savard and loses puck.
2:02 of 2nd period - Wrist shot by David Booth.
2:02 of 2nd period - Stopped by Miika Kiprusoff without a rebound.
2:03 of 2nd period - Mats Sundin wins face-off versus Marc Savard in Canadiens zone.
2:25 of 2nd period - Wrist shot by Marc Savard.
2:25 of 2nd period - Stopped by Miika Kiprusoff without a rebound.
2:26 of 2nd period - Chris Kelly wins face-off versus Brooks Laich in Canadiens zone.
2:27 of 2nd period - Slapshot by Ramzi Abid.
2:27 of 2nd period - Deflect By Pavel Bure.
2:27 of 2nd period - Shot Misses the Net.
2:27 of 2nd period - Puck is out of play.
2:28 of 2nd period - Pavel Bure wins face-off versus Brooks Laich in Canadiens zone.
2:37 of 2nd period - Wrist shot by Ramzi Abid.
2:37 of 2nd period - Shot Misses the Net.
2:39 of 2nd period - Slapshot by Kevin Bieksa.
2:39 of 2nd period - Deflect By Milan Michalek.
2:39 of 2nd period - Stopped by Miika Kiprusoff with a rebound.
2:41 of 2nd period - Slapshot by François Beauchemin.
2:41 of 2nd period - Stopped by Miika Kiprusoff with a rebound.
2:43 of 2nd period - Snap shot by Chris Kelly.
2:43 of 2nd period - Stopped by Miika Kiprusoff with a rebound.
2:53 of 2nd period - Marc Savard is hit by Dennis Wideman and loses puck.
2:58 of 2nd period - Wrist shot by Marek Svatos.
2:58 of 2nd period - Stopped by Rick DiPietro with a rebound.
3:00 of 2nd period - Slapshot by Josh Gorges.
3:00 of 2nd period - Shot Blocked by David Booth.
3:02 of 2nd period - Wrist shot by Sergei Samsonov.
3:02 of 2nd period - Deflect By Marek Svatos.
3:02 of 2nd period - Shot Misses the Net.
3:02 of 2nd period - Puck is out of play.
3:03 of 2nd period - Chris Kelly wins face-off versus Brooks Laich in Blue Jackets zone.
3:03 of 2nd period - Branislav Mezei is hit by Brooks Laich and loses puck.
3:26 of 2nd period - Minor Penalty to Rene Bourque for Elbowing.
3:27 of 2nd period - David Booth wins face-off versus Mikael Samuelsson in Canadiens zone.
3:36 of 2nd period - Slapshot by Marc Savard.
3:36 of 2nd period - Stopped by Miika Kiprusoff without a rebound.
3:37 of 2nd period - Mikael Samuelsson wins face-off versus Marc Savard in Canadiens zone.
3:48 of 2nd period - Backhand shot by David Booth.
3:48 of 2nd period - Goal by David Booth - Blue Jackets : 1 - Canadiens : 2.
3:49 of 2nd period - Brooks Laich wins face-off versus Marc Savard in neutral zone.
3:56 of 2nd period - Wrist shot by Rene Bourque.
3:56 of 2nd period - Stopped by Rick DiPietro without a rebound.
3:57 of 2nd period - Marc Savard wins face-off versus Brooks Laich in Blue Jackets zone.
4:32 of 2nd period - Wrist shot by Mats Sundin.
4:32 of 2nd period - Deflect By Marek Svatos.
4:32 of 2nd period - Goal by Marek Svatos - Blue Jackets : 1 - Canadiens : 3.
4:33 of 2nd period - David Booth wins face-off versus Brooks Laich in neutral zone.
4:46 of 2nd period - Wrist shot by Patric Hornqvist.
4:46 of 2nd period - Shot Hit the Post.
4:48 of 2nd period - Slapshot by Branislav Mezei.
4:48 of 2nd period - Stopped by Miika Kiprusoff with a rebound.
5:00 of 2nd period - Chris Kelly is hit by Marek Svatos and loses puck.
5:05 of 2nd period - Snap shot by Mats Sundin.
5:05 of 2nd period - Shot Misses the Net.
5:12 of 2nd period - Icing by Chris Kelly.
5:13 of 2nd period - Brooks Laich wins face-off versus Chris Kelly in Blue Jackets zone.
5:38 of 2nd period - Chris Kelly is hit by Riley Cote and loses puck.
5:43 of 2nd period - Slapshot by Dennis Wideman.
5:43 of 2nd period - Stopped by Rick DiPietro with a rebound.
6:46 of 2nd period - Jeff Taffe is hit by Ladislav Smid and loses puck.
6:58 of 2nd period - Icing by Riley Cote.
6:59 of 2nd period - Jamie Lundmark wins face-off versus Marc Savard in Canadiens zone.
7:04 of 2nd period - Backhand shot by Patric Hornqvist.
7:04 of 2nd period - Stopped by Miika Kiprusoff without a rebound.
7:05 of 2nd period - Marc Savard wins face-off versus Brooks Laich in Canadiens zone.
7:15 of 2nd period - Minor Penalty to Rene Bourque for Boarding.
7:16 of 2nd period - Marc Savard wins face-off versus Mikael Samuelsson in Canadiens zone.
7:51 of 2nd period - Snap shot by Patric Hornqvist.
7:51 of 2nd period - Shot Misses the Net.
8:33 of 2nd period - Josh Gorges is hit by Chris Kelly and loses puck.
8:46 of 2nd period - Icing by David Booth.
8:47 of 2nd period - Mikael Samuelsson wins face-off versus David Booth in Blue Jackets zone.
9:15 of 2nd period - Penalty to Rene Bourque is over, Rene Bourque is back on ice.
9:18 of 2nd period - Rene Bourque is hit by David Booth and loses puck.
9:41 of 2nd period - Snap shot by Marek Svatos.
9:41 of 2nd period - Shot Hit the Post.
9:43 of 2nd period - Snap shot by Brett Clark.
9:43 of 2nd period - Shot Misses the Net.
9:45 of 2nd period - Wrist shot by Rene Bourque.
9:45 of 2nd period - Stopped by Rick DiPietro without a rebound.
9:46 of 2nd period - Jan Bulis wins face-off versus Jamie Lundmark in Blue Jackets zone.
9:46 of 2nd period - Kevin Bieksa is hit by Brian Gionta and loses puck.
10:11 of 2nd period - Kevin Bieksa is hit by Mikael Samuelsson and loses puck.
11:18 of 2nd period - Marek Svatos is hit by David Booth and loses puck.
11:23 of 2nd period - Wrist shot by Marc Savard.
11:23 of 2nd period - Shot Misses the Net.
11:25 of 2nd period - Wrist shot by David Booth.
11:25 of 2nd period - Shot Blocked by Brett Clark.
11:27 of 2nd period - Wrist shot by Marc Savard.
11:27 of 2nd period - Stopped by Miika Kiprusoff with a rebound.
12:03 of 2nd period - Off-side.
12:04 of 2nd period - Brooks Laich wins face-off versus Marc Savard in neutral zone.
12:12 of 2nd period - Marc Savard is hit by Ladislav Smid and loses puck.
12:31 of 2nd period - Ramzi Abid is hit by Ladislav Smid and loses puck.
12:58 of 2nd period - Slapshot by Dustin Boyd.
12:58 of 2nd period - Stopped by Rick DiPietro with a rebound.
13:04 of 2nd period - Dustin Boyd is hit by Wade Redden and loses puck.
13:15 of 2nd period - Jason Ward is hit by Brooks Laich and loses puck.
13:33 of 2nd period - Off-side.
13:34 of 2nd period - Mats Sundin wins face-off versus Marc Savard in neutral zone.
13:45 of 2nd period - Brett Clark is hit by Marc Savard and loses puck.
14:15 of 2nd period - Minor Penalty to Branislav Mezei for High sticking.
14:16 of 2nd period - Brooks Laich wins face-off versus Marc Savard in Blue Jackets zone.
14:37 of 2nd period - François Beauchemin is hit by Ladislav Smid and loses puck.
14:53 of 2nd period - Icing by Marek Svatos.
14:54 of 2nd period - Marc Savard wins face-off versus Mats Sundin in Canadiens zone.
16:15 of 2nd period - Penalty to Branislav Mezei is over, Branislav Mezei is back on ice.
16:43 of 2nd period - Matt Carle is hit by Adam Deadmarsh and loses puck.
17:09 of 2nd period - Wrist shot by Branislav Mezei.
17:09 of 2nd period - Stopped by Miika Kiprusoff without a rebound.
17:10 of 2nd period - Jamie Lundmark wins face-off versus Chris Kelly in Canadiens zone.
17:17 of 2nd period - Backhand shot by Brett Clark.
17:17 of 2nd period - Shot Misses the Net.
17:36 of 2nd period - Minor Penalty to Marc Savard for Diving.
17:37 of 2nd period - Jeff Taffe wins face-off versus Brooks Laich in Blue Jackets zone.
17:52 of 2nd period - Branislav Mezei is hit by Rene Bourque and loses puck.
18:26 of 2nd period - Slapshot by Rene Bourque.
18:26 of 2nd period - Shot Misses the Net.
19:10 of 2nd period - Wade Redden is hit by Rene Bourque and loses puck.
19:36 of 2nd period - Penalty to Marc Savard is over, Marc Savard is back on ice.
Goals for this period are 1 for Blue Jackets vs 2 for Canadiens.
Shots for this period are 13 for Blue Jackets vs 9 for Canadiens.
3rd period
0:01 of 3rd period - Marc Savard wins face-off versus Brooks Laich in neutral zone.
0:10 of 3rd period - Wrist shot by Marc Savard.
0:10 of 3rd period - Shot Misses the Net.
0:12 of 3rd period - Slapshot by Branislav Mezei.
0:12 of 3rd period - Stopped by Miika Kiprusoff with a rebound.
0:14 of 3rd period - Snap shot by Patric Hornqvist.
0:14 of 3rd period - Shot Blocked by Brooks Laich.
0:16 of 3rd period - Snap shot by David Booth.
0:16 of 3rd period - Goal by David Booth - Blue Jackets : 2 - Canadiens : 3.
0:17 of 3rd period - Marc Savard wins face-off versus Rene Bourque in neutral zone.
1:08 of 3rd period - Wade Redden is hit by Jamie Lundmark and loses puck.
1:09 of 3rd period - Wade Redden from Blue Jackets is injured at 1:09 of 3rd period (Sprained Right Finger).
1:10 of 3rd period - Marc Savard wins face-off versus Rene Bourque in Blue Jackets zone.
1:10 of 3rd period - Marc Savard is hit by Rene Bourque.
1:13 of 3rd period - Patric Hornqvist is hit by Brett Clark and loses puck.
1:22 of 3rd period - Snap shot by Rene Bourque.
1:22 of 3rd period - Deflect By Milan Michalek.
1:22 of 3rd period - Stopped by Rick DiPietro with a rebound.
1:26 of 3rd period - Wrist shot by Milan Michalek.
1:26 of 3rd period - Stopped by Rick DiPietro with a rebound.
3:01 of 3rd period - Josh Gorges is hit by Brad Stuart and loses puck.
3:21 of 3rd period - Dave Steckel is hit by Josh Gorges and loses puck.
4:25 of 3rd period - Minor Penalty to Mikael Samuelsson for Roughing.
4:26 of 3rd period - Marc Savard wins face-off versus Marek Svatos in Canadiens zone.
4:27 of 3rd period - Wrist shot by David Booth.
4:27 of 3rd period - Shot Blocked by Matt Carle.
4:38 of 3rd period - Icing by Marc Savard.
4:39 of 3rd period - Rene Bourque wins face-off versus Marc Savard in Blue Jackets zone.
4:58 of 3rd period - Rene Bourque is hit by Pavel Bure and loses puck.
5:11 of 3rd period - Snap shot by David Booth.
5:11 of 3rd period - Goal by David Booth - Blue Jackets : 3 - Canadiens : 3.
5:12 of 3rd period - Marc Savard wins face-off versus Mats Sundin in neutral zone.
5:19 of 3rd period - Wrist shot by David Booth.
5:19 of 3rd period - Stopped by Miika Kiprusoff without a rebound.
5:20 of 3rd period - Mats Sundin wins face-off versus Marc Savard in Canadiens zone.
5:20 of 3rd period - Mats Sundin is hit by Patric Hornqvist.
5:32 of 3rd period - Brad Stuart is hit by Dennis Wideman and loses puck.
6:06 of 3rd period - Kevin Bieksa is hit by Brett Clark.
6:07 of 3rd period - Icing by Kevin Bieksa.
6:08 of 3rd period - Jan Bulis wins face-off versus Jamie Lundmark in Blue Jackets zone.
6:08 of 3rd period - Jan Bulis is hit by Jamie Lundmark.
6:20 of 3rd period - Slapshot by Josh Gorges.
6:20 of 3rd period - Shot Misses the Net.
6:22 of 3rd period - Snap shot by Jamie Lundmark.
6:22 of 3rd period - Stopped by Rick DiPietro with a rebound.
6:24 of 3rd period - Snap shot by Jamie Lundmark.
6:24 of 3rd period - Stopped by Rick DiPietro with a rebound.
6:26 of 3rd period - Snap shot by Brian Gionta.
6:26 of 3rd period - Shot Misses the Net.
6:28 of 3rd period - Wrist shot by Jamie Lundmark.
6:28 of 3rd period - Shot Misses the Net.
6:30 of 3rd period - Slapshot by Ladislav Smid.
6:30 of 3rd period - Stopped by Rick DiPietro with a rebound.
6:32 of 3rd period - Backhand shot by Jamie Lundmark.
6:32 of 3rd period - Shot Misses the Net.
6:34 of 3rd period - Backhand shot by Jamie Lundmark.
6:34 of 3rd period - Shot Blocked by Kevin Bieksa.
6:36 of 3rd period - Slapshot by Matt Carle.
6:36 of 3rd period - Stopped by Rick DiPietro without a rebound.
6:37 of 3rd period - Marc Savard wins face-off versus Brooks Laich in Blue Jackets zone.
7:01 of 3rd period - Icing by Mike Commodore.
7:02 of 3rd period - Chris Kelly wins face-off versus Mats Sundin in Blue Jackets zone.
7:11 of 3rd period - Chris Kelly is hit by Sergei Samsonov and loses puck.
7:16 of 3rd period - Wrist shot by Sergei Samsonov.
7:16 of 3rd period - Shot Misses the Net.
7:18 of 3rd period - Slapshot by Dennis Wideman.
7:18 of 3rd period - Stopped by Rick DiPietro with a rebound.
7:34 of 3rd period - Wrist shot by David Booth.
7:34 of 3rd period - Shot Misses the Net.
8:12 of 3rd period - Josh Gorges is hit by Dave Steckel and loses puck.
8:33 of 3rd period - Pavel Bure is hit by Milan Michalek and loses puck.
8:52 of 3rd period - Riley Cote is hit by Marc Savard and loses puck.
8:59 of 3rd period - Slapshot by Marc Savard.
8:59 of 3rd period - Shot Blocked by Ladislav Smid.
9:07 of 3rd period - Icing by François Beauchemin.
9:08 of 3rd period - Mats Sundin wins face-off versus Marc Savard in Blue Jackets zone.
9:13 of 3rd period - Wrist shot by Sergei Samsonov.
9:13 of 3rd period - Shot Misses the Net.
9:15 of 3rd period - Snap shot by Sergei Samsonov.
9:15 of 3rd period - Shot Misses the Net.
9:43 of 3rd period - Branislav Mezei is hit by Brooks Laich and loses puck.
10:15 of 3rd period - Off-side.
10:16 of 3rd period - Mats Sundin wins face-off versus Dave Steckel in neutral zone.
10:18 of 3rd period - Dennis Wideman is hit by Dave Steckel and loses puck.
10:30 of 3rd period - Minor Penalty to Dave Steckel for Delaying the game.
10:31 of 3rd period - Marc Savard wins face-off versus Brooks Laich in Blue Jackets zone.
11:02 of 3rd period - Slapshot by Marek Svatos.
11:02 of 3rd period - Shot Blocked by Branislav Mezei.
12:30 of 3rd period - Penalty to Dave Steckel is over, Dave Steckel is back on ice.
12:46 of 3rd period - Snap shot by Brian Gionta.
12:46 of 3rd period - Shot Blocked by Jan Bulis.
13:05 of 3rd period - Chris Kelly is hit by Riley Cote and loses puck.
13:20 of 3rd period - Dustin Boyd is hit by François Beauchemin and loses puck.
13:47 of 3rd period - Marek Svatos is hit by Pavel Bure and loses puck.
13:52 of 3rd period - Snap shot by Ramzi Abid.
13:52 of 3rd period - Shot Misses the Net.
14:41 of 3rd period - Marek Svatos is hit by Jason Ward and loses puck.
15:33 of 3rd period - Riley Cote is hit by Marc Savard and loses puck.
16:02 of 3rd period - Branislav Mezei is hit by Brian Gionta and loses puck.
16:32 of 3rd period - Brett Clark is hit by Chris Kelly and loses puck.
18:22 of 3rd period - Icing by Josh Gorges.
18:23 of 3rd period - Dustin Boyd wins face-off versus Marcus Nilson in Canadiens zone.
18:28 of 3rd period - Branislav Mezei is hit by Mikael Samuelsson and loses puck.
18:37 of 3rd period - Matt Carle is hit by Branislav Mezei and loses puck.
18:48 of 3rd period - Branislav Mezei is hit by Sergei Samsonov and loses puck.
18:52 of 3rd period - Minor Penalty to Sergei Samsonov for Goalie Interference.
18:53 of 3rd period - Rene Bourque wins face-off versus Marc Savard in Canadiens zone.
19:44 of 3rd period - Icing by Ramzi Abid.
19:45 of 3rd period - Chris Kelly wins face-off versus Milan Michalek in Blue Jackets zone.
Goals for this period are 2 for Blue Jackets vs 0 for Canadiens.
Shots for this period are 4 for Blue Jackets vs 7 for Canadiens.
Overtime #1
0:01 of 1st overtime period - Rene Bourque wins face-off versus Marc Savard in neutral zone.
0:04 of 1st overtime period - Slapshot by Dennis Wideman.
0:04 of 1st overtime period - Stopped by Rick DiPietro with a rebound.
0:10 of 1st overtime period - Snap shot by David Booth.
0:10 of 1st overtime period - Shot Misses the Net.
0:45 of 1st overtime period - Snap shot by Marcus Nilson.
0:45 of 1st overtime period - Stopped by Miika Kiprusoff without a rebound.
0:46 of 1st overtime period - Rene Bourque wins face-off versus Marc Savard in Canadiens zone.
0:52 of 1st overtime period - Penalty to Sergei Samsonov is over, Sergei Samsonov is back on ice.
1:27 of 1st overtime period - Brett Clark is hit by Marc Savard and loses puck.
1:43 of 1st overtime period - Sergei Samsonov is hit by Ramzi Abid and loses puck.
2:16 of 1st overtime period - Brian Gionta is hit by Marcus Nilson and loses puck.
2:25 of 1st overtime period - Minor Penalty to Marcus Nilson for Hooking.
2:26 of 1st overtime period - Marc Savard wins face-off versus Rene Bourque in Blue Jackets zone.
2:37 of 1st overtime period - Backhand shot by Branislav Mezei.
2:37 of 1st overtime period - Deflect By Marc Savard.
2:37 of 1st overtime period - Shot Blocked by Josh Gorges.
2:37 of 1st overtime period - Puck is out of play.
2:38 of 1st overtime period - Marc Savard wins face-off versus Rene Bourque in Canadiens zone.
2:39 of 1st overtime period - Slapshot by Branislav Mezei.
2:39 of 1st overtime period - Stopped by Miika Kiprusoff without a rebound.
2:40 of 1st overtime period - Rene Bourque wins face-off versus Marc Savard in Canadiens zone.
3:13 of 1st overtime period - Kevin Bieksa is hit by Dennis Wideman and loses puck.
4:25 of 1st overtime period - Penalty to Marcus Nilson is over, Marcus Nilson is back on ice.
4:38 of 1st overtime period - Brett Clark is hit by David Booth and loses puck.
Goals for this period are 0 for Blue Jackets vs 0 for Canadiens.
Shots for this period are 2 for Blue Jackets vs 1 for Canadiens.
ShootOut
5:00 of 1st overtime period - Penalty Shot by Marc Savard for Blue Jackets.
5:00 of 1st overtime period - Snap shot by Marc Savard.
5:00 of 1st overtime period - Goal by Marc Savard.
5:00 of 1st overtime period - Penalty Shot by Rene Bourque for Canadiens.
5:00 of 1st overtime period - Deke by Rene Bourque.
5:00 of 1st overtime period - Stopped by Rick DiPietro.
5:00 of 1st overtime period - Penalty Shot by David Booth for Blue Jackets.
5:00 of 1st overtime period - Wrist shot by David Booth.
5:00 of 1st overtime period - Stopped by Miika Kiprusoff.
5:00 of 1st overtime period - Penalty Shot by Marek Svatos for Canadiens.
5:00 of 1st overtime period - Deke by Marek Svatos.
5:00 of 1st overtime period - Goal by Marek Svatos.
5:00 of 1st overtime period - Penalty Shot by Pavel Bure for Blue Jackets.
5:00 of 1st overtime period - Snap shot by Pavel Bure.
5:00 of 1st overtime period - Stopped by Miika Kiprusoff.
5:00 of 1st overtime period - Penalty Shot by Milan Michalek for Canadiens.
5:00 of 1st overtime period - Snap shot by Milan Michalek.
5:00 of 1st overtime period - Stopped by Rick DiPietro.
5:00 of 1st overtime period - Penalty Shot by Ramzi Abid for Blue Jackets.
5:00 of 1st overtime period - Deke by Ramzi Abid.
5:00 of 1st overtime period - Shot Misses the Net.
5:00 of 1st overtime period - Penalty Shot by Sergei Samsonov for Canadiens.
5:00 of 1st overtime period - Snap shot by Sergei Samsonov.
5:00 of 1st overtime period - Goal by Sergei Samsonov.
Output by the SimonT Hockey Simulator (STHS) for François Prévost -- Original Page W3C XHTML 1.0 Valid